cohdb
Replays
Latest Replays
All Replays
Popular Replays
Top Player Replays
Match Explorer
How It Works
Community
CoH3 Stats
Reddit
Sign in to upload your games and track your stats! →
Sign in with Steam
Match 43114970
Unlisted
Match 43114970
Overview
Messages
Build Orders
End
Scout Squad
Construct Weapon Support Center
M1919 Machine Gun Team
Engineer Squad
M1919 Machine Gun Team
Infantry Support Center
M3 Armored Personnel Carrier
M3 Armored Personnel Carrier
M1919 Machine Gun Team
Engineer Squad
M3 Armored Personnel Carrier
Selects Special Operations Battlegroup
Selects Raiding Flares
Selects SSF Commando Squad
SSF Commando Squad
Selects M29 Weasel with M1 Pack Howitzer
SSF Commando Squad
Construct Motor Pool
Cyros
Munkki
IkarusHG
iceman
Schmutz
Gildr
0
0
Comments
sign in to comment!
No comments posted yet!